 Dungeon Crawl Stone Soup version 0.30-a0-457-g4b7bca3bfa (webtiles) character file.

Game seed: 3178424766713619064

124039 Pooter the Severer (level 16, -8/147 HPs)
             Began as a Minotaur Berserker on Dec 11, 2022.
             Was a High Priest of Trog.
             Mangled by a minotaur simulacrum (16 damage)
             ... on level 14 of the Dungeon on Dec 12, 2022.
             The game lasted 02:07:13 (31432 turns).

Pooter the Severer (Minotaur Berserker)            Turns: 31432, Time: 02:07:14

Health: -8/147     AC: 25    Str: 33    XL:     16   Next: 38%
Magic:  15/15      EV: 11    Int:  4    God:    Trog [*****.]
Gold:   1220       SH:  5    Dex: 19    Spells: 15/15 levels left

rFire   . . .      SeeInvis .    a - +6 battleaxe of the Endless Expanse {vorpal, Str+6}
rCold   + . .      Faith    .    (shield currently unavailable)
rNeg    . . .      Spirit   .    s - +4 plate armour
rPois   .          Reflect  +    J - +1 hat
rElec   .          Harm     .    y - +1 cloak
rCorr   .          Rampage  .    Z - +3 pair of gauntlets of War {Slay+5}
Will    +....                    (no boots)
Stlth   ..........               K - amulet of reflection
HPRegen 0.44/turn                R - +6 ring of dexterity
MPRegen 0.14/turn                I - ring of protection from cold

@: mighty, on berserk cooldown, invisible
A: horns 2, retaliatory headbutt
a: Renounce Religion, Berserk, Trog's Hand, Brothers in Arms


You were on level 14 of the Dungeon.
You worshipped Trog.
Trog was extremely pleased with you.
You visited 3 branches of the dungeon, and saw 21 of its levels.

You collected 2598 gold pieces.
You spent 1378 gold pieces at shops.

Inventory:

Hand Weapons
 a - the +6 battleaxe of the Endless Expanse (weapon) {vorpal, Str+6}
   (You bought it in a shop on level 1 of the Orcish Mines)

   It inflicts extra damage upon your enemies.
   Str:       It affects your strength (+6).
 b - the +9 arbalest "Janiek" {drain, Int+3 Dex+3}
   (You acquired it on level 7 of the Dungeon)

   A truly terrible weapon, it drains the life of any living foe it strikes.
   Int:       It affects your intelligence (+3).
   Dex:       It affects your dexterity (+3).
 i - a +0 battleaxe of electrocution
   (You took it off an orc warrior on level 10 of the Dungeon)
 l - a +6 antimagic battleaxe
   (Trog gifted it to you on level 2 of the Orcish Mines)
 p - a +1 whip of flaming
   (You took it off Pikel on level 5 of the Dungeon)
 w - a +2 dire flail of holy wrath
   (You took it off an ettin on level 2 of the Orcish Mines)
Missiles
 n - 19 boomerangs (quivered)
 q - 38 poisoned darts
 z - 8 boomerangs of dispersal {!f}
 B - 4 silver boomerangs
 T - 5 curare-tipped darts
 W - 5 atropa-tipped darts
Armour
 s - a +4 plate armour (worn)
   (You found it on level 9 of the Dungeon)
 y - a +1 cloak (worn)
   (You found it on level 7 of the Dungeon)
 J - a +1 hat (worn)
   (You found it on level 8 of the Dungeon)
 O - +0 swamp dragon scales
   (You found it on level 5 of the Dungeon)
 Z - the +3 pair of gauntlets of War (worn) {Slay+5}
   (You bought it in a shop on level 2 of the Orcish Mines)

   Slay:      It affects your accuracy & damage with ranged weapons and melee
   (+5).
Jewellery
 v - a ring of flight
   (You found it on level 9 of the Dungeon)
 A - an amulet of the acrobat
   (You found it on level 1 of the Dungeon)
 C - a ring of resist corrosion
   (You found it on level 2 of the Dungeon)
 I - a ring of protection from cold (right hand)
   (You bought it in a shop on level 10 of the Dungeon)
 K - an amulet of reflection (around neck)
   (You found it on level 1 of the Lair of Beasts)
 L - a +4 ring of protection
   (You found it on level 2 of the Lair of Beasts)
 N - a ring of positive energy
   (You found it on level 2 of the Lair of Beasts)
 P - a ring of poison resistance
   (You found it on level 5 of the Dungeon)
 R - a +6 ring of dexterity (left hand)
   (You found it on level 3 of the Lair of Beasts)
 S - a ring of see invisible
   (You bought it in a shop on level 2 of the Orcish Mines)
 Y - a +4 ring of evasion
   (You found it on level 11 of the Dungeon)
Wands
 d - a wand of iceblast (22)
   (You found it on level 6 of the Dungeon)
 f - a wand of flame (45)
   (You found it on level 5 of the Dungeon)
 r - a wand of mindburst (9)
   (You took it off Ijyb on level 3 of the Dungeon)
 u - a wand of paralysis (14)
   (You found it on level 3 of the Dungeon)
 D - a wand of digging (5)
   (You found it on level 3 of the Lair of Beasts)
 F - a wand of polymorph (9)
   (You found it on level 6 of the Dungeon)
Scrolls
 e - 3 scrolls of magic mapping
 j - a scroll of fear
 t - 4 scrolls of teleportation {@r4}
 G - 5 scrolls of summoning
 X - a scroll of poison {!r}
Potions
 c - 5 potions of flight
 g - 4 potions of lignification {!q}
 h - a potion of invisibility
 k - 8 potions of attraction {!q}
 m - 2 potions of might
 o - 2 potions of heal wounds {@q2}
 E - 3 potions of haste {@q3}
 H - 9 potions of curing {@q1}
 M - a potion of resistance


   Skills:
 + Level 14.5 Fighting
 + Level 18.5 Axes
 * Level 17.5 Ranged Weapons
 + Level 4.0 Throwing
 + Level 8.8 Armour
 + Level 5.1 Dodging
 + Level 3.5 Stealth
 + Level 8.2 Evocations


You had 15 spell levels left.
You didn't know any spells.
Your spell library was empty.

Dungeon Overview and Level Annotations

Branches:
Dungeon (14/15)            Temple (0/1) D:4            Lair (5/5) D:8
 Shoals (0/4) Lair:2       Spider (0/4) Lair:2        Slime (0/5) Lair:4
    Orc (2/2) D:12            Elf (0/3) Orc:2        Vaults (0/5) D:14

Altars:
Ashenzari
Cheibriados
Fedhas
Gozag
Hepliaklqana
Nemelex Xobeh
Okawaru
Ru
Trog
Vehumet
Wu Jian
Yredelemnul
Zin
The Shining One
Jiyva

Shops:
D:10 *   Orc:1 *   Orc:2 =*([

Portals:
Ice
Cave: D:14


Innate Abilities, Weirdness & Mutations

You have a pair of horns on your head.
You reflexively headbutt those who attack you in melee.


Message History

The minotaur simulacrum closely misses you.
The minotaur simulacrum gores you but does no damage.
The spriggan defender simulacrum hits you but does no damage.
You open the deep troll simulacrum like a pillowcase!!!
Trog accepts your kill.
You completely miss the spriggan defender simulacrum.
You slice the minotaur simulacrum!!
You slice the spriggan defender simulacrum!!
The spriggan defender simulacrum closely misses you.
You furiously retaliate!
You headbutt the spriggan defender simulacrum!!
Trog accepts your kill.
The spriggan defender simulacrum hits you but does no damage.
You closely miss the spriggan defender simulacrum.
You hit the minotaur simulacrum. You slash the minotaur simulacrum!
Trog accepts your kill.
A centaur warrior comes into view.
The spriggan defender simulacrum hits you but does no damage.
The minotaur simulacrum hits you.
* * * LOW HITPOINT WARNING * * *
The minotaur simulacrum freezes you! You resist.
* * * LOW HITPOINT WARNING * * *
You block the minotaur simulacrum's attack.
Your Throwing skill increases to level 4!
The centaur warrior shouts!
You cut the spriggan defender simulacrum into ribbons!!!
Trog accepts your kill.
You hit the minotaur simulacrum.
The centaur warrior wields a +0 shortbow.
The centaur warrior shoots an arrow.
The arrow hits you.
* * * LOW HITPOINT WARNING * * *
Really walk into that cloud of freezing vapour?
Okay, then.
You feel much better.
The minotaur simulacrum closely misses you.
The minotaur simulacrum gores you but does no damage.
The centaur warrior shoots an arrow.
You reflect the arrow off an invisible shield around you!
The arrow hits the centaur warrior!
You fade into invisibility!
You hear the faint crackling of a melting archway.
The minotaur simulacrum hits you!
* * * LOW HITPOINT WARNING * * *
The minotaur simulacrum freezes you! You resist.
* * * LOW HITPOINT WARNING * * *
The minotaur simulacrum gores you but does no damage.
The minotaur simulacrum hits you.
* * * LOW HITPOINT WARNING * * *
The minotaur simulacrum freezes you! You resist.
You die...

******* ******,********* #
*****,,,,...# #
**>,,#<***#..# #
*,***..####..## #
*,*,,,........# *#
****,*,*,,#......## #.
*,,,,,,,*,*#..∩...# #.
**,,,****#.##...°Z°# #,
,,,,,*** #......@..#*******
** ,,,,,,,*
#####...!...c...,* *,
,,,,,,,* ##.#########,* **
,,,,,,,* #.* *,* *,
,,,,,*** *#'** *,*** **
**,,,** **..,** *,*>** *,
*,,,,,* **,..,,** *,,*,****
*,,,,,** **,...,,,**
**,***,**,
*,,,,,,****,^,,,,,,,****,**
**,**


You could see a centaur warrior (unable to see you) and a minotaur simulacrum
(unable to see you).

Vanquished Creatures
  An orc warlord (Orc:1)
  A stone giant (Orc:2)
  A fire dragon (Lair:5)
  3 ettins (Orc:2)
  4 vault guards (D:14)
  10 hydras
  3 boulder beetles
  A catoblepas (Lair:4)
  3 centaur warriors
  2 tengu warriors (D:13)
  5 death yaks (Lair:3)
  3 two-headed ogres
  Nergalle (Orc:1)
  Sonja (Orc:1)
  Lodul (D:11)
  2 spriggan simulacra (D:14)
  2 lindwurms (Lair:5)
  Pikel (D:5)
  A wizard (D:11)
  5 deep elf pyromancers
  2 manticores (D:12)
  2 orc sorcerers (Orc:2)
  3 ugly things
  10 cyclopes
  13 elephants
  5 black mambas
  A merfolk siren (Lair:2)
  A gargoyle (D:12)
  5 torpor snails (Lair:5)
  14 cane toads
  An anaconda simulacrum (D:14)
  6 rime drakes
  12 komodo dragons
  2 unseen horrors
  A tengu conjurer (D:14)
  4 trolls
  2 polar bears (Lair:2)
  A meliai (Lair:2)
  9 slime creatures
  8 hornets
  3 merfolk (Lair:2)
  3 tyrant leeches (Lair:5)
  7 blink frogs
  Sigmund (D:2)
  3 shadows
  4 dream sheep (Lair:4)
  6 wraiths
  2 vampires
  4 wyverns
  43 yaks
  5 large abominations (D:11)
  10 basilisks
  Grum (D:8)
  2 steam dragons
  2 minotaur simulacra (D:14)
  4 wargs
  An acid dragon (D:12)
  15 water moccasins
  Duvessa (D:4)
  7 small abominations (D:11)
  27 orc warriors
  2 ice beasts (D:7)
  3 black bears
  3 sky beasts
  10 centaurs
  A lemure (D:5)
  15 ogres
  31 wolves
  2 kobold brigands
  10 bullfrogs
  A gnoll sergeant (D:11)
  2 deep troll simulacra (D:14)
  4 scorpions
  Dowan (D:4)
  9 killer bees
  An electric eel (Lair:2)
  4 howler monkeys
  7 hounds
  A gnoll bouda (D:9)
  22 orc priests
  11 jellies (Lair:4)
  Ijyb (D:3)
  Jessica (D:2)
  An iguana (D:5)
  Natasha (thrice) (D:2)
  24 orc wizards
  A hound zombie (D:3)
  A boggart simulacrum (D:14)
  7 adders
  8 gnolls
  2 shadow imps
  A white imp (D:6)
  An ufetubus (D:4)
  A worm (D:2)
  A dart slug (D:10)
  133 orcs
  8 endoplasms
  6 giant cockroaches
  15 goblins
  10 hobgoblins
  7 jackals (D:1)
  5 quokkas
  11 ball pythons
  2 ball python zombies (D:3)
  6 bats
  3 frilled lizards
  A jackal zombie (D:3)
  17 kobolds
  3 rats
724 creatures vanquished.

Vanquished Creatures (others)
  33 fungi
  75 plants
108 creatures vanquished.

Grand Total: 832 creatures vanquished

Notes
Turn   | Place    | Note
-------+----------+-------------------------------------------
     0 | D:1      | Pooter the Minotaur Berserker began the quest for the Orb.
     0 | D:1      | Reached XP level 1. HP: 19/19 MP: 0/0
    71 | D:1      | Reached skill level 4 in Axes
   182 | D:1      | Reached XP level 2. HP: 13/27 MP: 1/1
   544 | D:1      | Reached XP level 3. HP: 33/33 MP: 2/2
   912 | D:1      | Reached ** piety under Trog
  1149 | D:2      | Reached skill level 5 in Axes
  1154 | D:2      | Noticed Natasha
  1161 | D:2      | Killed Natasha
  1162 | D:2      | Reached XP level 4. HP: 41/41 MP: 3/3
  1176 | D:2      | Noticed Natasha
  1255 | D:2      | Killed Natasha
  1260 | D:2      | Noticed Natasha
  1313 | D:2      | Killed Natasha
  1314 | D:2      | Reached skill level 6 in Axes
  1314 | D:2      | Reached XP level 5. HP: 47/47 MP: 4/4
  1481 | D:2      | Reached skill level 5 in Fighting
  1555 | D:2      | Noticed Sigmund
  1567 | D:2      | Killed Sigmund
  1568 | D:2      | Reached XP level 6. HP: 56/56 MP: 5/5
  1641 | D:2      | Noticed Jessica
  1644 | D:2      | Killed Jessica
  1868 | D:3      | Found a bloodstained altar of Trog.
  1947 | D:3      | Found a basalt altar of Yredelemnul.
  2039 | D:3      | Reached skill level 7 in Axes
  2207 | D:3      | Noticed Ijyb
  2216 | D:3      | Killed Ijyb
  2217 | D:3      | Reached XP level 7. HP: 62/62 MP: 6/6
  2509 | D:3      | Found a glowing silver altar of Zin.
  2597 | D:3      | Found a faded altar of an unknown god.
  2739 | D:4      | Noticed Dowan
  2755 | D:4      | Noticed Duvessa
  2759 | D:4      | Reached skill level 8 in Axes
  2809 | D:4      | Killed Duvessa
  3138 | D:4      | Killed Dowan
  3152 | D:4      | Reached skill level 5 in Ranged Weapons
  3235 | D:4      | Reached XP level 8. HP: 71/71 MP: 7/7
  3342 | D:4      | Reached *** piety under Trog
  3368 | D:4      | Found a staircase to the Ecumenical Temple.
  3623 | D:4      | Found an opulent altar of Gozag.
  3680 | D:5      | Entered Level 5 of the Dungeon
  3722 | D:5      | Reached skill level 9 in Axes
  3982 | D:5      | Noticed Pikel
  3994 | D:5      | Killed Pikel
  4159 | D:5      | Reached skill level 10 in Axes
  4506 | D:6      | Reached XP level 9. HP: 79/79 MP: 8/8
  4955 | D:6      | Found a glowing golden altar of the Shining One.
  5131 | D:6      | Found a radiant altar of Vehumet.
  5239 | D:6      | Reached skill level 1 in Evocations
  5429 | D:7      | Found a broken altar of Ashenzari.
  5723 | D:7      | Reached skill level 11 in Axes
  5811 | D:7      | Identified a scroll of acquirement
  5812 | D:7      | Acquired the +9 arbalest "Janiek" {drain, Int+3 Dex+3}
  6163 | D:7      | Found a runed translucent door.
  6694 | D:8      | Noticed Grum
  6705 | D:8      | Killed Grum
  6883 | D:8      | Found a blossoming altar of Fedhas.
  7076 | D:8      | Found an iron altar of Okawaru.
  7225 | D:8      | Found a staircase to the Lair.
  7226 | D:8      | Noticed a komodo dragon
  7240 | D:8      | Killed a komodo dragon
  7241 | D:8      | Reached XP level 10. HP: 90/90 MP: 9/9
  7451 | D:9      | Reached **** piety under Trog
  7597 | D:9      | Found an ornate altar of the Wu Jian Council.
  7641 | D:9      | Reached skill level 12 in Axes
  8092 | D:9      | Reached skill level 10 in Ranged Weapons
  8399 | D:9      | Found a hazy altar of Hepliaklqana.
  8473 | D:10     | Entered Level 10 of the Dungeon
  8520 | D:10     | Found a sacrificial altar of Ru.
  8851 | D:10     | Reached skill level 13 in Axes
  9180 | D:10     | Reached XP level 11. HP: 99/99 MP: 10/10
  9257 | D:10     | Found a sparkling altar of Nemelex Xobeh.
  9268 | D:10     | Found a snail-covered altar of Cheibriados.
  9439 | D:10     | Noticed a two-headed ogre
  9443 | D:10     | Killed a two-headed ogre
  9905 | D:10     | Found Eguwoen's Assorted Antiques.
  9908 | D:10     | Bought a scroll of identify for 50 gold pieces
  9908 | D:10     | Bought a notched onyx ring for 125 gold pieces
 10139 | Lair:1   | Entered Level 1 of the Lair of Beasts
 10772 | Lair:1   | Reached skill level 10 in Fighting
 10984 | Lair:1   | Reached skill level 5 in Evocations
 11722 | Lair:1   | Identified the +0 helmet of the Durable God {rF+ rC- Str+4
                  | SInv}
 11736 | Lair:1   | Reached skill level 14 in Axes
 12234 | Lair:2   | Reached XP level 12. HP: 108/108 MP: 11/11
 12330 | Lair:2   | Found a staircase to the Shoals.
 12547 | Lair:2   | Reached skill level 15 in Axes
 12689 | Lair:2   | Found a hole to the Spider Nest.
 12958 | Lair:2   | Noticed a five-headed hydra
 12967 | Lair:2   | Killed a five-headed hydra
 13432 | Lair:2   | Noticed a four-headed hydra
 13432 | Lair:2   | Noticed a seven-headed hydra
 13437 | Lair:2   | Killed a four-headed hydra
 13444 | Lair:2   | Killed a seven-headed hydra
 13449 | Lair:2   | Reached skill level 16 in Axes
 13528 | Lair:2   | Noticed a five-headed hydra
 13531 | Lair:2   | Killed a five-headed hydra
 13543 | Lair:2   | Reached XP level 13. HP: 115/117 MP: 12/12
 16240 | Lair:4   | Reached skill level 17 in Axes
 17148 | Lair:3   | Reached skill level 15 in Ranged Weapons
 17446 | Lair:4   | Found a staircase to the Slime Pits.
 17446 | Lair:4   | Found a viscous altar of Jiyva.
 17543 | Lair:4   | Reached skill level 5 in Armour
 17771 | Lair:5   | Entered Level 5 of the Lair of Beasts
 17995 | Lair:5   | Reached XP level 14. HP: 129/129 MP: 13/13
 19193 | Lair:5   | Found a runed translucent door.
 19660 | Lair:5   | Paralysed by a hornet for 3 turns
 19668 | Lair:5   | Reached skill level 18 in Axes
 20902 | D:11     | Noticed Lodul
 20912 | D:11     | Killed Lodul
 21469 | D:12     | Upgraded the game from 0.30-a0-451-ge042605de7 to
                  | 0.30-a0-457-g4b7bca3bfa
 22370 | D:12     | Found a staircase to the Orcish Mines.
 22383 | Orc:1    | Entered Level 1 of the Orcish Mines
 22610 | Orc:1    | Reached ***** piety under Trog
 22852 | Orc:1    | Found Lum Noyf's CLEARANCE SALE!.
 22855 | Orc:1    | Bought the +6 battleaxe of the Endless Expanse {vorpal,
                  | Str+6} for 177 gold pieces
 22855 | Orc:1    | Bought a wand of iceblast (7) for 50 gold pieces
 22855 | Orc:1    | Bought a wand of iceblast (5) for 36 gold pieces
 22913 | Orc:1    | Noticed an orc warlord
 22919 | Orc:1    | Killed an orc warlord
 23286 | Orc:2    | Entered Level 2 of the Orcish Mines
 23369 | Orc:2    | Found Kepted's Antique Weapon Shop.
 23370 | Orc:2    | Noticed a stone giant
 23384 | Orc:2    | Killed a stone giant
 26568 | Orc:2    | Found Joadwyirgh's Jewellery Shoppe.
 26576 | Orc:2    | Bought a ring of see invisible for 180 gold pieces
 26623 | Orc:2    | Found Sed Etome's General Store.
 26641 | Orc:2    | Bought the +3 pair of gauntlets of War {Slay+5} for 760
                  | gold pieces
 26641 | Orc:2    | Found the +3 pair of gauntlets of War {Slay+5}
 27523 | Orc:2    | Received a gift from Trog
 28556 | Orc:1    | Noticed Nergalle
 28605 | Orc:1    | Killed Nergalle
 28702 | Orc:1    | Noticed Sonja
 28706 | Orc:1    | Killed Sonja
 28955 | Orc:2    | Found a staircase to the Elven Halls.
 29201 | Orc:2    | Found Sev Dod's Antique Armour Shoppe.
 30013 | D:12     | Reached XP level 15. HP: 107/138 MP: 14/14
 30715 | D:13     | Reached skill level 1 in Throwing
 30729 | D:13     | Reached skill level 1 in Stealth
 30887 | D:13     | Reached XP level 16. HP: 146/146 MP: 15/15
 31362 | D:14     | Found a gate to the Vaults.
 31388 | D:14     | Reached skill level 5 in Dodging
 31420 | D:14     | Found a frozen archway.
 31432 | D:14     | Mangled by a minotaur simulacrum

Illustrated notes

Levels and vault maps discovered:
D:1:      lightli_arrival_maybe_door_vault, layout_loops_corners,
          grunt_decor_arrowhead
D:2:      layout_rooms, uniq_jessica, uniq_sigmund, uniq_natasha
D:3:      layout_basic, mainiacjoe_overflow_paths, zin_statuary,
          nicolae_yredelemnul_corpse_copse,
          shapermc_ecumenical_altar_mp_highgroup, chequers_mini_garden,
          minmay_misc_feat_secret_circle, uniq_ijyb
D:4:      layout_rooms, grunt_gozag_breadcrumbs, minmay_temple_entry_waves,
          uniq_duvessa
D:5:      layout_rooms, supply_closet_lemuel, lemuel_flamethrower_1, uniq_pikel
D:6:      layout_loops_ring, tso_metal_star, mainiacjoe_overflow_brackets
D:7:      layout_loops_ring, mainiacjoe_overflow_cross_hatched,
          lightli_church_of_beogh
D:8:      layout_cave_pods, fedhas_altar_2, mainiacjoe_overflow_boulevard,
          david_lair_shrubbed, uniq_grum
D:9:      layout_cross, nzn_hepliaklqana_mist_gate,
          mainiacjoe_overflow_concentric_impassable
D:10:     layout_stronghold, nicolae_ru_great_annihilating_truth,
          nemelex_spade_bored_becter, kennysheep_slug_shrine, serial_shops,
          nicolae_shop_behind_doors, serial_park_tiny_1, grunt_ministairs_13
D:11:     layout_cave_pods, kennysheep_minor_cross, laboratory, uniq_lodul
D:12:     layout_irregular_city, david_orc_4
D:13:     layout_irregular_city
D:14:     layout_loops_corners, lightli_vaults_fourway_checkpoint,
          minmay_misc_feat_rugged, portal_ice_cave_entry_ice_simulacra
Lair:1:   beast_lair_carwin_large_4, layout_long_grid, lemuel_fruit_tree
Lair:2:   nzn_winding_woodlands_huge [nzn_winding_woodlands_5x15_twine,
          nzn_winding_woodlands_5x15_river_crossing,
          nzn_winding_woodlands_5x15_jagged, nzn_winding_woodlands_5x15_pool,
          nzn_winding_woodlands_5x15_default, nzn_winding_woodlands_5x15_garden,
          nzn_winding_woodlands_5x15_sidewinder,
          nzn_winding_woodlands_5x15_sawtooth, nzn_winding_woodlands_5x15_cabin,
          nzn_winding_woodlands_5x15_zeroes,
          nzn_winding_woodlands_center_triple_pond,
          nzn_winding_woodlands_center_pierced_h,
          nzn_winding_woodlands_15x15_five_gardens], layout_regular_city,
          elwin_shoals_entry_stream, hellmonk_spider_entry_not_the_bees
Lair:3:   layout_cave_pods, beast_lair_carwin_2, infiniplex_staircase_pool_2,
          grunt_megastairs_3
Lair:4:   layout_regular_city, minmay_slime_entry_jelly_boxes,
          grunt_megastairs_1
Lair:5:   wormcave, layout_hall_layers
Orc:1:    layout_diamond_mine, basic_altar, nicolae_shop_clearance,
          uniq_nergalle, uniq_sonja
Orc:2:    grunt_orc_gardens, layout_caves, grunt_orc_garden, grunt_orc_garden,
          grunt_orc_garden, grunt_orc_garden, basic_altar

Skill      XL: |  1  2  3  4  5  6  7  8  9 10 11 12 13 14 15 16 |
---------------+-------------------------------------------------+-----
Axes           | 4 5 6 7 8 10 11 13 14 16 17 18 | 18.5
Fighting       | 4 5 6 7 8 9 10 11 13 14 | 14.5
Ranged Weapons | 2 3 5 7 9 10 12 13 15 17 | 17.5
Evocations     | 2 4 5 7 8 |  8.2
Armour         | 5 8 |  8.8
Throwing       | 3 4 |  4.0
Stealth        | 3 |  3.5
Dodging        | 4 5 |  5.1

Action                   |  1- 3 |  4- 6 |  7- 9 | 10-12 | 13-15 | 16-18 || total
-------------------------+-------+-------+-------+-------+-------+-------++-------
Melee: Hand axe          |    75 |    78 |    28 |       |       |       ||   181
       Headbutt          |     6 |    11 |    31 |    39 |    49 |     3 ||   139
       Punch             |     1 |       |     2 |       |       |       ||     3
       Trident           |       |       |   188 |       |       |       ||   188
       Broad axe         |       |       |    26 |    20 |       |       ||    46
       Battleaxe         |       |       |       |   175 |   190 |    26 ||   391
       Whip              |       |       |       |    13 |     1 |       ||    14
 Fire: Sling             |       |       |    19 |       |       |       ||    19
       Shortbow          |       |       |    24 |       |       |       ||    24
       Arbalest          |       |       |    39 |   223 |   565 |    27 ||   854
Throw: Stone             |       |    24 |     7 |       |       |       ||    31
       Dart              |       |     3 |     5 |     6 |     4 |       ||    18
Invok: Berserk           |     2 |     7 |    11 |    11 |    15 |     2 ||    48
       Trog's Hand       |       |     2 |     9 |    14 |    18 |     2 ||    45
Evoke: Wand              |       |       |     9 |     3 |     6 |     1 ||    19
  Use: Scroll            |       |     2 |    11 |    13 |    11 |     4 ||    41
       Potion            |       |       |     1 |     2 |     2 |     4 ||     9
 Stab: Paralysed         |       |       |     9 |       |       |       ||     9
       Petrified         |       |       |       |       |     1 |       ||     1
Armor: Animal skin       |    25 |     4 |       |       |       |       ||    29
       Scale mail        |       |    12 |    47 |       |       |       ||    59
       Swamp dragon scal |       |       |    52 |     9 |       |       ||    61
       Ring mail         |       |       |     5 |       |       |       ||     5
       Plate armour      |       |       |       |   302 |   253 |    44 ||   599
Dodge: Dodged            |    70 |    36 |   139 |   181 |   186 |    19 ||   631
Block: Other             |       |       |       |       |    41 |    14 ||    55
       Reflection        |       |       |       |       |    11 |     1 ||    12

Table legend: (Time is in decaauts)
 A = Elapsed time spent in this place.
 B = Non-inter-level travel time spent in this place.
 C = Inter-level travel time spent in this place.
 D = Time resting spent in this place.
 E = Time spent auto-exploring this place.
 F = Levels seen in this place.
 G = Mean time per level.
                   A        B        C        D        E       F      G
               +--------+--------+--------+--------+--------+-----+--------+
         Total |  32348 |  31420 |    928 |  14313 |  12328 |  21 | 1540.4 |
       Dungeon |  14281 |  13659 |    622 |   3442 |   7723 |  14 | 1020.1 |
          Lair |  10642 |  10389 |    253 |   4879 |   4044 |   5 | 2128.4 |
  Orcish Mines |   7424 |   7372 |     52 |   5991 |    560 |   2 | 3712.0 |
               +--------+--------+--------+--------+--------+-----+--------+

Top non-repeatable levels by time:
   Orc:2: 5906 daAuts
  Lair:2: 2983 daAuts
  Lair:5: 2646 daAuts
  Lair:1: 1910 daAuts
    D:10: 1767 daAuts
  Lair:3: 1623 daAuts
    D:12: 1554 daAuts
   Orc:1: 1518 daAuts
  Lair:4: 1479 daAuts
     D:8: 1431 daAuts
     D:1: 1295 daAuts
     D:7: 1193 daAuts
    D:11: 1114 daAuts
     D:3: 954 daAuts
     D:6: 935 daAuts
